IL
FRESNO GRIZZLIES @ COLUMBUS CLIPPERS
09/03/2049
 
TOP OF THE 1ST
Fresno Grizzlies batting - Pitching for Columbus Clippers : RHP Ferdi Schipper
Pitching: RHP Ferdi Schipper
Batting: RHB Chris Trites 0-0: Swinging Strike
0-1: Ball
1-1: Called Strike
1-2: Strikes out swinging
Batting: RHB Etsuro Hosokawa 0-0: Called Strike
0-1: Ball
1-1: Foul Ball, location: 2F
1-2: Ball
2-2: Strikes out swinging, 2-3 out at first.
Batting: LHB Bob Govella 0-0: Ball
1-0: Fly out, F2 (Popup, 2LF, EV 90.0 MPH)
Top of the 1st over - 0 runs, 0 hits, 0 errors, 0 left on base; Fresno 0 - Columbus 0
BOTTOM OF THE 1ST
Columbus Clippers batting - Pitching for Fresno Grizzlies : RHP Andy Montelongo
Pitching: RHP Andy Montelongo
Batting: LHB Jesus Lozano 0-0: Ball
1-0: Foul Ball, location: 2F
1-1: Ball
2-1: Fly out, F8 (Line Drive, 8LM, EV 105.0 MPH)
Batting: RHB Mike Quackenbush 0-0: Ball
1-0: Ball
2-0: Called Strike
2-1: SINGLE (Groundball, 4D, EV 97.5 MPH)
Batting: LHB Zack Berney 0-0: Called Strike
Mike Quackenbush steals 2nd base
0-1: Ball
1-1: DOUBLE (Flyball, 8RXD, EV 100.6 MPH)
Mike Quackenbush scores
Batting: RHB Chad Thompson 0-0: Ground out 6-3 (Groundball, 6MS, EV 75.0 MPH)
Zack Berney to third
Batting: RHB Eddie LaRose 0-0: Ball
1-0: Ball
2-0: Ball
3-0: Called Strike
3-1: Foul Ball, location: 2F
3-2: Foul Ball, location: 2F
3-2: Base on Balls
Batting: RHB Kyle Scruggs 0-0: Ball
1-0: Called Strike
1-1: Foul Ball, location: 2F
1-2: Ball
2-2: Ball
3-2: Base on Balls
Eddie LaRose to second
Batting: RHB Jason Sher 0-0: Ball
1-0: Ball
2-0: Ball
3-0: Called Strike
3-1: Foul Ball, location: 2F
3-2: SINGLE (Line Drive, 8RS, EV 91.9 MPH)
Zack Berney scores
Eddie LaRose to third
Kyle Scruggs to second
Eddie LaRose scores
Kyle Scruggs to third
Batting: RHB George Wagner 0-0: Ball
1-0: Ball
2-0: Called Strike
2-1: Ball
3-1: SINGLE (Flyball, 9LS, EV 91.2 MPH)
Kyle Scruggs scores
Jason Sher to second
Runner from 2nd tries for 3rd, SAFE, throw by RF made to third
Batting: RHB Justin Ganey 0-0: Called Strike
0-1: Ball
1-1: Ground out U3 (Groundball, 3, EV 83.8 MPH)
Bottom of the 1st over - 4 runs, 4 hits, 0 errors, 2 left on base; Fresno 0 - Columbus 4
TOP OF THE 2ND
Fresno Grizzlies batting - Pitching for Columbus Clippers : RHP Ferdi Schipper
Batting: RHB Bruce Bermudez 0-0: Hit by Pitch
Batting: RHB Ramon Castellon 0-0: Hit by Pitch
Bruce Bermudez to second
Batting: LHB Chris Cabrera 0-0: Ball
1-0: Swinging Strike
1-1: Foul Ball, location: 2F
1-2: Foul Ball, location: 2F
1-2: Foul Ball, location: 2F
1-2: Foul Ball, location: 2F
1-2: Ball
2-2: Strikes out swinging
Batting: RHB Sam Spohn 0-0: Ball
1-0: Fly out, F8 (Flyball, 8RXD, EV 101.2 MPH)
Runner from 2nd tags up, SAFE at 3rd, no throw by CF
Batting: SHB Ryan Chicoine 0-0: Foul Ball, location: 2F
0-1: Ball
1-1: Foul Ball, location: 2F
1-2: Strikes out swinging
Top of the 2nd over - 0 runs, 0 hits, 0 errors, 2 left on base; Fresno 0 - Columbus 4
BOTTOM OF THE 2ND
Columbus Clippers batting - Pitching for Fresno Grizzlies : RHP Andy Montelongo
Batting: LHB Jesus Lozano 0-0: Ball
1-0: Ball
2-0: Called Strike
2-1: Foul Ball, location: 2F
2-2: Ball
3-2: SINGLE (Groundball, 56D, EV 95.0 MPH)
Batting: RHB Mike Quackenbush 0-0: Ball
1-0: Called Strike
1-1: Ball
2-1: Called Strike
Jesus Lozano steals 2nd base
2-2: Ball
3-2: Strikes out looking
Batting: LHB Zack Berney 0-0: Ball
1-0: Foul Ball, location: 2F
1-1: Ball
2-1: Swinging Strike
2-2: Strikes out swinging
Batting: RHB Chad Thompson 0-0: Ball
Jesus Lozano steals 3rd, throwing error, E2
Jesus Lozano scores
1-0: Foul Ball, location: 2F
1-1: Ball
2-1: Called Strike
2-2: SINGLE (Groundball, P, EV 80.6 MPH) (infield hit)
Pitching: RHP Tommy Cunningham
Batting: RHB Eddie LaRose 0-0: Ball
1-0: Called Strike
1-1: Called Strike
Chad Thompson steals 2nd base (no throw)
1-2: Foul Ball, location: 2F
1-2: Foul Ball, location: 2F
1-2: Ball
2-2: Strikes out looking
Bottom of the 2nd over - 1 run, 2 hits, 1 error, 1 left on base; Fresno 0 - Columbus 5
TOP OF THE 3RD
Fresno Grizzlies batting - Pitching for Columbus Clippers : RHP Ferdi Schipper
Batting: RHB Nick Deegan 0-0: Foul Ball, location: 2F
0-1: Foul Ball, location: 2F
0-2: Fly out, F7 (Flyball, 78M, EV 88.8 MPH)
Batting: RHB Chris Trites 0-0: Ball
1-0: SINGLE (Groundball, P, EV 87.5 MPH) (infield hit)
Batting: RHB Etsuro Hosokawa 0-0: Called Strike
Chris Trites steals 2nd base
0-1: Foul Ball, location: 2F
0-2: Ball
1-2: Ball
2-2: Strikes out swinging
Batting: LHB Bob Govella 0-0: Foul Ball, location: 2F
0-1: Ball
1-1: Fly out, F7 (Flyball, 7D, EV 101.9 MPH)
Top of the 3rd over - 0 runs, 1 hit, 0 errors, 1 left on base; Fresno 0 - Columbus 5
BOTTOM OF THE 3RD
Columbus Clippers batting - Pitching for Fresno Grizzlies : RHP Tommy Cunningham
Batting: RHB Kyle Scruggs 0-0: Called Strike
0-1: Fly out, F9 (Flyball, 89M, EV 78.1 MPH)
Batting: RHB Jason Sher 0-0: Ball
1-0: Called Strike
1-1: Called Strike
1-2: Ground out 5-3 (Groundball, 56, EV 85.0 MPH)
Batting: RHB George Wagner 0-0: SINGLE (Groundball, 5S, EV 71.2 MPH) (infield hit)
Batting: RHB Justin Ganey 0-0: Ball
1-0: Ball
George Wagner steals 2nd base
2-0: SINGLE (Flyball, 8RS, EV 88.8 MPH)
George Wagner to third
Batting: LHB Jesus Lozano 0-0: Ball
1-0: Ball
2-0: Foul Ball, location: 2F
2-1: Ball
3-1: Base on Balls
Justin Ganey to second
Batting: RHB Mike Quackenbush 0-0: Called Strike
0-1: Swinging Strike
0-2: Ball
1-2: Ball
2-2: Foul Ball, location: 2F
2-2: Foul Ball, location: 2F
2-2: Strikes out swinging
Bottom of the 3rd over - 0 runs, 2 hits, 0 errors, 3 left on base; Fresno 0 - Columbus 5
TOP OF THE 4TH
Fresno Grizzlies batting - Pitching for Columbus Clippers : RHP Ferdi Schipper
Batting: RHB Bruce Bermudez 0-0: Called Strike
0-1: Ball
1-1: Called Strike
1-2: Strikes out swinging
Batting: RHB Ramon Castellon 0-0: Called Strike
0-1: Ball
1-1: Ball
2-1: Swinging Strike
2-2: Ball
3-2: Strikes out swinging
Batting: LHB Chris Cabrera 0-0: Ball
1-0: Called Strike
1-1: Foul Ball, location: 2F
1-2: Ball
2-2: Strikes out swinging
Top of the 4th over - 0 runs, 0 hits, 0 errors, 0 left on base; Fresno 0 - Columbus 5
BOTTOM OF THE 4TH
Columbus Clippers batting - Pitching for Fresno Grizzlies : RHP Tommy Cunningham
Batting: LHB Zack Berney 0-0: Ball
1-0: Called Strike
1-1: Fly out, F9 (Flyball, 9S, EV 86.9 MPH)
Batting: RHB Chad Thompson 0-0: Called Strike
0-1: Ball
1-1: Ball
2-1: Ball
3-1: Fly out, F8 (Flyball, 8LD, EV 102.5 MPH)
Batting: RHB Eddie LaRose 0-0: Ball
1-0: Foul Ball, location: 2F
1-1: Foul Ball, location: 2F
1-2: Strikes out looking
Bottom of the 4th over - 0 runs, 0 hits, 0 errors, 0 left on base; Fresno 0 - Columbus 5
TOP OF THE 5TH
Fresno Grizzlies batting - Pitching for Columbus Clippers : RHP Ferdi Schipper
Batting: RHB Sam Spohn 0-0: Foul Ball, location: 2F
0-1: Swinging Strike
0-2: Strikes out swinging
Batting: SHB Ryan Chicoine 0-0: Ground out 4-3 (Groundball, 4MD, EV 75.6 MPH)
Batting: RHB Nick Deegan 0-0: Ball
1-0: Called Strike
1-1: Ball
2-1: Swinging Strike
2-2: Strikes out swinging
Top of the 5th over - 0 runs, 0 hits, 0 errors, 0 left on base; Fresno 0 - Columbus 5
BOTTOM OF THE 5TH
Columbus Clippers batting - Pitching for Fresno Grizzlies : RHP Tommy Cunningham
Batting: RHB Kyle Scruggs 0-0: Called Strike
0-1: Foul Ball, location: 2F
0-2: Ball
1-2: Ball
2-2: Strikes out swinging
Batting: RHB Jason Sher 0-0: Ball
1-0: Ball
2-0: Ball
3-0: Called Strike
3-1: Called Strike
3-2: Foul Ball, location: 2F
3-2: Ground out 6-3 (Groundball, 56D, EV 106.9 MPH)
Batting: RHB George Wagner 0-0: Called Strike
0-1: Ball
1-1: Foul Ball, location: 2F
1-2: Ground out 6-3 (Groundball, 6, EV 80.0 MPH)
Bottom of the 5th over - 0 runs, 0 hits, 0 errors, 0 left on base; Fresno 0 - Columbus 5
TOP OF THE 6TH
Fresno Grizzlies batting - Pitching for Columbus Clippers : RHP Ferdi Schipper
Batting: RHB Chris Trites 0-0: Ball
1-0: Swinging Strike
1-1: Ground out U3 (Groundball, 34, EV 86.2 MPH)
Batting: RHB Etsuro Hosokawa 0-0: Ground out 6-3 (Groundball, 6, EV 100.6 MPH)
Batting: LHB Bob Govella 0-0: Ball
1-0: SINGLE (Groundball, 34S, EV 71.9 MPH) (infield hit)
Batting: RHB Bruce Bermudez 0-0: Ball
1-0: Ball
2-0: Fielders Choice at 2nd, 5-4 (Groundball, 56D, EV 108.8 MPH)
Top of the 6th over - 0 runs, 1 hit, 0 errors, 1 left on base; Fresno 0 - Columbus 5
BOTTOM OF THE 6TH
Columbus Clippers batting - Pitching for Fresno Grizzlies : RHP Tommy Cunningham
Batting: RHB Justin Ganey 0-0: Fly out, F8 (Line Drive, 8LD, EV 86.2 MPH)
Batting: LHB Jesus Lozano 0-0: Ball
1-0: Called Strike
1-1: Ball
2-1: Ball
3-1: Foul Ball, location: 2F
3-2: Base on Balls
Pitching: RHP Zack Evans
Batting: RHB Mike Quackenbush 0-0: Called Strike
0-1: Called Strike
0-2: Foul Ball, location: 2F
0-2: Ball
1-2: Ball
2-2: Ball
3-2: SINGLE (Groundball, 56, EV 101.2 MPH) (infield hit)
Jesus Lozano to second
Batting: LHB Zack Berney 0-0: Ball
1-0: Swinging Strike
1-1: Ball
2-1: Foul Ball, location: 2F
2-2: Ball
3-2: Base on Balls
Jesus Lozano to third
Mike Quackenbush to second
Batting: RHB Chad Thompson 0-0: Ball
Wild Pitch!
Jesus Lozano scores
Mike Quackenbush to third
Zack Berney to second
1-0: Ball
2-0: Ball
3-0: Called Strike
3-1: Base on Balls
Batting: RHB Eddie LaRose 0-0: Ball
1-0: Fly out, F7 (Flyball, 7LM, EV 83.8 MPH)
Runner from 3rd tags up, SCORES, throw by LF
Batting: RHB Kyle Scruggs 0-0: Ball
1-0: Swinging Strike
1-1: Ball
2-1: Ball
3-1: Base on Balls
Zack Berney to third
Chad Thompson to second
Batting: RHB Jason Sher 0-0: Called Strike
0-1: Ball
1-1: Swinging Strike
1-2: Foul Ball, location: 2F
1-2: Ball
Wild Pitch!
Zack Berney scores
Chad Thompson to third
Kyle Scruggs to second
2-2: Strikes out swinging
Bottom of the 6th over - 3 runs, 1 hit, 0 errors, 2 left on base; Fresno 0 - Columbus 8
TOP OF THE 7TH
Fresno Grizzlies batting - Pitching for Columbus Clippers : RHP Ferdi Schipper
Batting: RHB Ramon Castellon 0-0: Ball
1-0: Ball
2-0: Foul Ball, location: 2F
2-1: Ball
3-1: Base on Balls
Batting: LHB Chris Cabrera 0-0: Ball
1-0: Swinging Strike
1-1: Foul Ball, location: 2F
1-2: Fielders Choice at 2nd, 3-6 (Groundball, 3, EV 80.0 MPH)
Pinch Hitting: RHB Dustin Hartman 0-0: Swinging Strike
Chris Cabrera steals 2nd base (no throw)
0-1: Ground out 6-3 (Groundball, 6M, EV 81.9 MPH)
Chris Cabrera to third
Batting: SHB Ryan Chicoine 0-0: Called Strike
0-1: Ball
1-1: Swinging Strike
1-2: Foul Ball, location: 2F
1-2: Ball
2-2: Ball
3-2: Ground out 4-3 (Groundball, 34D, EV 104.4 MPH)
Top of the 7th over - 0 runs, 0 hits, 0 errors, 1 left on base; Fresno 0 - Columbus 8
BOTTOM OF THE 7TH
Columbus Clippers batting - Pitching for Fresno Grizzlies : RHP Zack Evans
Now at 1B: Dustin Hartman
Batting: RHB George Wagner 0-0: Called Strike
0-1: Called Strike
0-2: Ball
1-2: SINGLE (Line Drive, 4M, EV 96.9 MPH)
Batting: RHB Justin Ganey 0-0: Foul Ball, location: 2F
0-1: Swinging Strike
0-2: Strikes out swinging
Batting: LHB Jesus Lozano 0-0: Called Strike
George Wagner steals 2nd base
0-1: Ball
1-1: Fly out, F7 (Flyball, 7S, EV 90.0 MPH)
Batting: RHB Mike Quackenbush 0-0: Ball
1-0: Ground out 4-3 (Groundball, 4S, EV 83.8 MPH)
Bottom of the 7th over - 0 runs, 1 hit, 0 errors, 1 left on base; Fresno 0 - Columbus 8
TOP OF THE 8TH
Fresno Grizzlies batting - Pitching for Columbus Clippers : RHP Ferdi Schipper
Batting: RHB Nick Deegan 0-0: Ball
1-0: Foul Ball, location: 2F
1-1: Foul Ball, location: 2F
1-2: Foul Ball, location: 2F
1-2: Fly out, F3 (Line Drive, 3, EV 67.5 MPH)
Batting: RHB Chris Trites 0-0: Called Strike
0-1: Foul Ball, location: 2F
0-2: Ball
1-2: Ball
2-2: Foul Ball, location: 2F
2-2: Strikes out swinging
Batting: RHB Etsuro Hosokawa 0-0: Called Strike
0-1: Ball
1-1: Ball
2-1: Ball
3-1: Base on Balls
Pitching: LHP Heath Ryland
Batting: LHB Bob Govella 0-0: Ball
1-0: Ball
2-0: Fly out, F5 (Popup, 5D, EV 61.2 MPH)
Top of the 8th over - 0 runs, 0 hits, 0 errors, 1 left on base; Fresno 0 - Columbus 8
BOTTOM OF THE 8TH
Columbus Clippers batting - Pitching for Fresno Grizzlies : RHP Zack Evans
Batting: LHB Zack Berney 0-0: Foul Ball, location: 2F
0-1: Swinging Strike
0-2: Strikes out swinging
Batting: RHB Chad Thompson 0-0: Ground out 6-3 (Groundball, 6S, EV 90.0 MPH)
Batting: RHB Eddie LaRose 0-0: Called Strike
0-1: Swinging Strike
0-2: Ball
1-2: Ball
2-2: Ball
3-2: SINGLE (Line Drive, 8RS, EV 100.6 MPH)
Pitching: RHP Mike Hurst
Batting: RHB Kyle Scruggs 0-0: Ball
1-0: Ball
Eddie LaRose steals 2nd base
2-0: Called Strike
2-1: Foul Ball, location: 2F
2-2: Foul Ball, location: 2F
2-2: Ball
3-2: Fly out, F7 (Flyball, 7D, EV 108.1 MPH)
Bottom of the 8th over - 0 runs, 1 hit, 0 errors, 1 left on base; Fresno 0 - Columbus 8
TOP OF THE 9TH
Fresno Grizzlies batting - Pitching for Columbus Clippers : LHP Heath Ryland
Batting: RHB Bruce Bermudez 0-0: Ground out 4-3 (Groundball, 4, EV 106.2 MPH)
Batting: RHB Ramon Castellon 0-0: Called Strike
0-1: Ball
1-1: Foul Ball, location: 2F
1-2: Ball
2-2: Foul Ball, location: 2F
2-2: Strikes out swinging
Pitching: RHP Joe Zeiset
Batting: LHB Chris Cabrera 0-0: Foul Ball, location: 2F
0-1: SOLO HOME RUN (Flyball, 9D, EV 98.1 MPH), Distance : 382 ft
Batting: RHB Dustin Hartman 0-0: Ball
1-0: Foul Ball, location: 2F
1-1: Called Strike
1-2: Ball
2-2: Strikes out swinging
Top of the 9th over - 1 run, 1 hit, 0 errors, 0 left on base; Fresno 1 - Columbus 8
Sunday, July 16th , 2023 - OOTP Baseball 24.6 Build 69